 Dungeon Crawl Stone Soup version 0.19-a0-1365-gb34f4cb (webtiles) character file.

11 jacquesderrida the Caller (level 2, 12/19 HPs)
             Began as a Demonspawn Summoner on Sept 2, 2016.
             Quit the game on level 2 of the Dungeon.
             The game lasted 00:03:34 (656 turns).

jacquesderrida the Caller (Demonspawn Summoner)      Turns: 656, Time: 00:03:35

Health: 12/19      AC:  3    Str:  8    XL:     2   Next: 13%
Magic:  4/5        EV: 12    Int: 16    God:
Gold:   99         SH:  0    Dex: 13    Spells: 2 memorised, 2 levels left

rFire  . . .     SeeInvis .     (no weapon)
rCold  . . .     Gourm    .     m - +0 robe (curse)
rNeg   . . .     Faith    .     (no shield)
rPois  .         Spirit   .     (no helmet)
rElec  .         Dismiss  .     (no cloak)
rCorr  .         Reflect  .     d - +0 pair of gloves
MR     .....     Harm     .     (no boots)
Stlth  ++........               (no amulet)
                                (no ring)
                                (no ring)

@: no status effects
A: powered by pain 1
a: no special abilities


You were on level 2 of the Dungeon.
You were not hungry.

You visited 1 branch of the dungeon, and saw 2 of its levels.

You collected 99 gold pieces.

Inventory:

Armour
 a - a +0 robe
 d - a +0 pair of gloves (worn)
 e - a +0 ring mail
 m - a cursed +0 robe (worn)
Scrolls
 f - a scroll of remove curse {unknown}
 g - 3 scrolls of identify {unknown}
 i - a scroll of teleportation {unknown}
 j - a scroll of noise {unknown}
 k - 2 scrolls of fog {unknown}
 n - a scroll of magic mapping {unknown}
Potions
 l - a potion of heal wounds {unknown}
Books
 b - a book of Callings

   Spells                             Type                      Level
   a - Summon Small Mammal            Summoning                    1
   b - Call Imp                       Summoning                    2
   c - Call Canine Familiar           Summoning                    3
   d - Summon Guardian Golem          Hexes/Summoning              3
   e - Summon Lightning Spire         Summoning/Air                4
   f - Summon Ice Beast               Ice/Summoning                4
Comestibles
 c - 2 bread rations
 h - a meat ration


   Skills:
 + Level 2.0 Dodging
 + Level 1.7 Stealth
 + Level 2.2 Spellcasting
 + Level 4.2 Summonings


You had 2 spell levels left.
You knew the following spells:

 Your Spells              Type           Power        Failure   Level  Hunger
a - Summon Small Mammal   Summ           ###.         4%          1    #......
b - Call Imp              Summ           ###.....     8%          2    ###....


Dungeon Overview and Level Annotations

Branches:
Dungeon (2/15)

Altars:
Cheibriados
Gozag
Uskayaw

Annotations:
D:2 Natasha


Innate Abilities, Weirdness & Mutations

You sometimes gain a little power by taking damage.


Message History

A goblin comes into view.
Casting: Summon Small Mammal
Confirm with . or Enter, or press ? or * to list all spells.
A beastly little devil appears in a puff of flame.
The goblin barely misses you. The goblin hits you.
The goblin closely misses you.
Your crimson imp blinks!
Natasha, Servant of Life and Death comes into view.
Natasha hisses angrily.
Natasha claws you.
A giant newt comes into view.
The giant newt hisses angrily.
Found 9 stones.
The giant newt bites you but does no damage.
A dart slug comes into view.
The dart slug launches a dart at you. The slug dart hits you!
The giant newt closely misses you.
Are you sure you want to abandon this character and quit the game? (Confirm with "yes".)

#######.# ###..... ..
#(......# ...#...##<
##.####### ###.#.####.
####.#.##### #.#.# #.
#...###..(.# .. #.
#.##.#.###.# #.###.#
#.#
#.###.####.########.#
#.##.......gl@...w...
#.##..####.########.#
#.
##.##..###h..##.....
... ##..(#.....#.....#
...
#.......#.###.#######.
#.# #....#...##
##h....... #
#.#.##..#.###.#.......
.#
#.#.##.....#.##.######
#.# #.#..........# .#
..#.


You could see a dart slug, a goblin and a giant newt.

Vanquished Creatures (collateral kills)
  An adder (D:2)
  A dart slug (D:1)
  A giant cockroach (D:2)
  3 goblins
  A kobold (D:2)
  A giant newt (D:2)
  A rat (D:1)
9 creatures vanquished.

Notes
Turn   | Place    | Note
-------+----------+-------------------------------------------
     0 | D:1      | jacquesderrida the Demonspawn Summoner began the quest for the Orb.
     0 | D:1      | Reached XP level 1. HP: 13/13 MP: 3/3
   297 | D:2      | Found a hide-covered altar of Uskayaw.
   297 | D:2      | Found a snail-covered altar of Cheibriados.
   297 | D:2      | Found an opulent altar of Gozag.
   589 | D:2      | Gained mutation: You sometimes gain a little power by taking damage. [demonic ancestry]
   589 | D:2      | Reached XP level 2. HP: 18/19 MP: 0/5
   593 | D:2      | Learned a level 2 spell: Call Imp
   647 | D:2      | Noticed Natasha
   656 | D:2      | Quit the game

Vault maps used:
D:1:      dpeg_arrival_three_same_balls
D:2:      gammafunk_temple_overflow_claw, first_bread, minmay_hexomino_f4,
          uniq_natasha

Skill      XL: |  1 |
---------------+----+-----
Dodging        | 2 |  2.0
Stealth        | |  1.7
Spellcasting   | |  2.2
Summonings     | |  4.2

Action                   || total
-------------------------++-------
Melee: Unarmed           ||     1
 Cast: Summon Small Mamm ||    13
       Call Imp          ||     1
Armor: Robe              ||     5
Dodge: Dodged            ||     6
